 Dungeon Crawl Stone Soup version 0.28.0-53-g5a82cb258f (webtiles) character file.

Game seed: 18227488058472489253

592 MalarOregon the Skirmisher (level 7, -5/58 HPs)
             Began as a Palentonga Fighter on June 16, 2022.
             Was an Initiate of Nemelex Xobeh.
             Slain by Sigmund
             ... wielding a +0 scythe
              (8 damage)
             ... on level 4 of the Dungeon.
             The game lasted 00:10:41 (3563 turns).

MalarOregon the Skirmisher (Palentonga Fighter)     Turns: 3563, Time: 00:10:42

Health: -5/58      AC: 16    Str: 21    XL:     7   Next: 16%
Magic:  7/7        EV:  5    Int:  8    God:    Nemelex Xobeh [......]
Gold:   178        SH:  4    Dex: 10    Spells: 6/6 levels left

rFire   . . .      SeeInvis +   a - +1 flail
rCold   . . .      Faith    .   c - +0 buckler
rNeg    . . .      Spirit   .   d - +0 chain mail {rPois}
rPois   +          Reflect  .   e - +0 helmet
rElec   .          Harm     .   (no cloak)
rCorr   .          Rampage  .   (no gloves)
Will    .....                   (no barding)
Stlth   ..........              (no amulet)
HPRegen 0.19/turn               (no ring)
MPRegen 0.10/turn               (no ring)

@: on berserk cooldown, slowed, curled up, very slow
A: large, rugged brown scales 3, see invisible, deformed body, roll 1, armoured
tail, reflexive curl
a: Rolling Charge, Renounce Religion, Draw Escape, Draw Destruction, Draw
Summoning


You were on level 4 of the Dungeon.
You worshipped Nemelex Xobeh.
Nemelex Xobeh was noncommittal.
You visited 1 branch of the dungeon, and saw 4 of its levels.

You collected 178 gold pieces.


Innate Abilities, Weirdness & Mutations

You are completely covered in rugged brown scales. (AC +3, +7% HP)
You have supernaturally acute eyesight. (SInv)
Armour fits poorly on your strangely shaped body.
You can roll at nearby foes to attack.
You have a long armoured tail.
You curl defensively after being hit. (AC +7*)


   Skills:
 + Level 4.7 Fighting
 + Level 4.1 Maces & Flails
 + Level 3.9 Armour
 + Level 3.8 Shields
 + Level 1.2 Invocations
 + Level 0.9 Evocations


You had 6 spell levels left.
You didn't know any spells.
Your spell library contained the following spells:

 Spells                   Type           Power      Damage    Failure   Level
 Beastly Appendage        Tmut           0%         N/A       99%         1
 Blink                    Tloc           0%         N/A       100%        2
 Wereblood                Tmut           0%         N/A       100%        2
 Call Canine Familiar     Summ           0%         N/A       100%        3
 Conjure Flame            Conj/Fire      0%         6-21      100%        3
 Ignite Poison            Fire/Tmut/Pois 0%         N/A       100%        3
 Lesser Beckoning         Tloc           0%         N/A       100%        3
 Ozocubu's Armour         Ice            0%         N/A       100%        3
 Portal Projectile        Hex/Tloc       0%         N/A       100%        3
 Spider Form              Tmut/Pois      0%         N/A       100%        3
 Leda's Liquefaction      Hex/Erth       0%         N/A       100%        4
 Sticky Flame             Conj/Fire      0%         2d3       100%        4
 Manifold Assault         Tloc           0%         N/A       100%        5
 Ozocubu's Refrigeration  Ice            0%         4d5       100%        7

Inventory:

Hand Weapons
 a - a +1 flail (weapon)
 b - a +1 hunting sling of freezing
   (You found it on level 2 of the Dungeon)
Missiles
 i - 162 stones (quivered)
Armour
 c - a +0 buckler (worn)
 d - a +0 chain mail of poison resistance (worn)
   (You took it off Terence on level 3 of the Dungeon)
 e - a +0 helmet (worn)
   (You found it on level 1 of the Dungeon)
Magical Staves
 h - a staff of air
   (You found it on level 3 of the Dungeon)

Dungeon Overview and Level Annotations

Branches:
Dungeon (4/15)
 Temple: D:4-7

Altars:
Fedhas
Nemelex Xobeh

Annotations:
D:4 Dowan, Sigmund

######## #......#
#......# #......#
#......# #####
#......# ...#
#......#
#######.###@..^..#
.........@r........
######.###......##
#..##......#
##@##......#
#.##......##
#..##....... ##.#
....... #.##.......


You could see Sigmund (fast) and a quokka.


Message History

The shard of ice hits you!!
* * * LOW HITPOINT WARNING * * *
Dowan gestures at you while chanting. The shard of ice hits you!
* * * LOW HITPOINT WARNING * * *
You aren't carrying any items that you can evoke.
As you read the scroll of teleportation {@r4}, it crumbles to dust.
You feel strangely unstable. Dowan completely misses you.
Unknown command.
It was a potion of berserk rage.
A red film seems to cover your vision as you go berserk!
You feel yourself moving faster!
You feel mighty! Dowan hits you with a +0 dagger.
* * * LOW HITPOINT WARNING * * *
Dowan barely misses you.
You barely miss Dowan. Dowan hits you but does no damage.
You closely miss Dowan. Dowan hits you with a +0 dagger.
* * * LOW HITPOINT WARNING * * *
You closely miss Dowan.
Dowan casts a spell.
Dowan blinks!
You are too berserk!
You sock Dowan!
Your surroundings suddenly seem different.
An orc wizard and 3 orcs come into view.
An orc is wielding a +1 morningstar of holy wrath.
The orc shouts!
The orc wizard shouts!
The orc shouts!
You hear a shout!
The orc throws a boomerang.
The boomerang hits you but does no damage.
An orc comes into view. It is wielding a +0 mace.
You sock the orc!
You kill the orc!
The orc wizard gestures at you while chanting.
You resist with some effort.
A bullfrog skeleton comes into view.
A quokka comes into view.
The orc throws a boomerang.
The boomerang hits you but does no damage.
You barely miss the orc wizard.
The orc wizard hits you but does no damage.
You sock the orc wizard!
You kill the orc wizard!
You sock the orc!
You kill the orc!
You barely miss the orc.
Your tail-slap misses the orc.
The orc hits you but does no damage.
You sock the orc!
You kill the orc!
Sigmund the Dreaded comes into view.
He is wielding a +0 scythe.
Sigmund shouts!
You sock the orc!
You kill the orc!
The bullfrog skeleton hits you but does no damage.
You sock the bullfrog skeleton! You tail-slap the bullfrog skeleton!
The quokka twitches its whiskers.
The quokka bites you but does no damage.
You barely miss the bullfrog skeleton.
The bullfrog skeleton hits you but does no damage.
Sigmund drinks a potion.
Sigmund seems to speed up.
The quokka bites you but does no damage.
The bullfrog skeleton hits you but does no damage.
You bludgeon the bullfrog skeleton!!
You destroy the bullfrog skeleton!
You are no longer berserk.
You are exhausted.
You feel yourself slow down. You block the quokka's attack.
You aren't carrying any scrolls.
You aren't carrying any potions.
You miss the quokka. Sigmund gestures at you while chanting.
The puff of flame hits you.
* * * LOW HITPOINT WARNING * * *
Sigmund asks, "Do you like me?"
The quokka bites you but does no damage. x2
The quokka closely misses you. The quokka barely misses you.
Sigmund hits you from afar with a +0 scythe.
* * * LOW HITPOINT WARNING * * *
You block the quokka's attack. Sigmund barely misses you.
The quokka twitches its whiskers.
The quokka bites you but does no damage.
The quokka bites you but does no damage.
Okay, then.
Sigmund hits you from afar with a +0 scythe.
* * * LOW HITPOINT WARNING * * *
You aren't carrying any items that you can evoke.
Unknown command.
Unknown command.
Unknown command.
The quokka bites you but does no damage.
You block Sigmund's attack.
The quokka bites you but does no damage.
The quokka bites you but does no damage.
The quokka bites you but does no damage.
The quokka bites you but does no damage.
Sigmund hits you from afar with a +0 scythe!
You die...
Your body disappears without a glow.

Skill      XL: |  1  2  3  4  5  6 |
---------------+-------------------+-----
Armour         | 3 |  3.9
Shields        | 3 |  3.8
Maces & Flails | 3 4 |  4.1
Fighting       | 4 |  4.7
Invocations    | 1 |  1.2
Evocations     | |  0.9

Action                   |  1- 3 |  4- 6 |  7- 9 || total
-------------------------+-------+-------+-------++-------
Melee: Flail             |    58 |   102 |    22 ||   182
       Tailslap          |     8 |     6 |     2 ||    16
Throw: Dart              |       |     8 |       ||     8
 Abil: Rolling Charge    |     3 |    24 |     2 ||    29
  Use: Scroll            |     5 |     5 |     1 ||    11
       Potion            |     1 |     2 |     1 ||     4
Armor: Scale mail        |    37 |    34 |       ||    71
       Chain mail        |       |    13 |    23 ||    36
Dodge: Dodged            |    26 |    28 |     6 ||    60
Block: Buckler           |     7 |    11 |     4 ||    22

Levels and vault maps discovered:
D:1:      dpeg_arrival_snail, layout_basic, serial_park_tiny_1
D:2:      layout_loops_ring, hellmonk_ecumenical_altar_leap_of_faith,
          uniq_jessica
D:3:      layout_rooms, minmay_misc_feat_x, uniq_grinder, uniq_terence
D:4:      layout_basic, mainiacjoe_overflow_24_doors, amcnicky_altar_gilded,
          minmay_temple_entry_junction, chequers_serial_rivers_micro_e,
          uniq_sigmund, uniq_duvessa

Notes
Turn   | Place    | Note
-------+----------+-------------------------------------------
     0 | D:1      | MalarOregon the Palentonga Fighter began the quest for the
                  | Orb.
     0 | D:1      | Reached XP level 1. HP: 19/19 MP: 1/1
   403 | D:1      | Reached XP level 2. HP: 25/25 MP: 2/2
  1178 | D:2      | You add the spells Ozocubu's Armour and Ozocubu's
                  | Refrigeration to your library.
  1191 | D:2      | Reached XP level 3. HP: 31/31 MP: 3/3
  1196 | D:2      | You pick up a book of the Hunter and begin reading...
  1196 | D:2      | You add the spells Call Canine Familiar, Portal Projectile
                  | and Leda's Liquefaction to your library.
  1245 | D:2      | You pick up a book of Spatial Translocations and begin
                  | reading...
  1245 | D:2      | You add the spells Blink, Lesser Beckoning and Manifold
                  | Assault to your library.
  1293 | D:2      | Noticed Jessica
  1294 | D:2      | Killed Jessica
  1496 | D:2      | You pick up a book of Changes and begin reading...
  1496 | D:2      | You add the spells Beastly Appendage, Wereblood and Spider
                  | Form to your library.
  1523 | D:2      | HP: 6/31 [adder (2)]
  1528 | D:2      | Reached XP level 4. HP: 17/37 MP: 4/4
  1634 | D:2      | Reached skill level 3 in Armour
  1634 | D:2      | Reached skill level 3 in Shields
  1824 | D:2      | Found a faded altar of an unknown god.
  2231 | D:2      | Reached skill level 3 in Maces & Flails
  2309 | D:2      | Reached XP level 5. HP: 26/44 MP: 5/5
  2482 | D:3      | Noticed Grinder
  2554 | D:3      | Paralysed by Grinder for 6 turns
  2564 | D:3      | Killed Grinder
  2565 | D:3      | Reached skill level 4 in Fighting
  2565 | D:3      | Reached XP level 6. HP: 39/52 MP: 6/6
  2705 | D:3      | Noticed Terence
  2736 | D:3      | Killed Terence
  3142 | D:4      | Found a sparkling altar of Nemelex Xobeh.
  3154 | D:4      | Found a blossoming altar of Fedhas.
  3164 | D:4      | Became a worshipper of Nemelex Xobeh the Trickster
  3188 | D:4      | You add the spells Conjure Flame, Ignite Poison and Sticky
                  | Flame to your library.
  3298 | D:4      | Noticed Duvessa
  3298 | D:4      | Noticed Dowan
  3320 | D:4      | HP: 13/52 [Duvessa/+0 rapier (9)]
  3321 | D:4      | HP: 4/52 [Duvessa/+0 rapier (9)]
  3324 | D:4      | Killed Duvessa
  3325 | D:4      | Reached skill level 4 in Maces & Flails
  3333 | D:4      | Reached skill level 1 in Invocations
  3333 | D:4      | Gained mutation: You curl defensively after being hit. (AC
                  | +7*) [Palentonga growth]
  3333 | D:4      | Reached XP level 7. HP: 22/58 MP: 7/7
  3531 | D:4      | HP: 13/58 [Dowan/shard of ice (25)]
  3531 | D:4      | HP: 4/58 [Dowan/shard of ice (9)]
  3545 | D:4      | Noticed Sigmund
  3550 | D:4      | HP: 1/58 [Sigmund/puff of flame (3)]
  3557 | D:4      | HP: 1/58 [Sigmund/+0 scythe (1)]
  3563 | D:4      | Slain by Sigmund

Vanquished Creatures
  Grinder (D:3)
  Duvessa (D:4)
  A centaur skeleton (D:4)
  A bullfrog skeleton (D:4)
  Jessica (D:2)
  Terence (D:3)
  3 orc wizards
  6 adders
  An adder skeleton (D:4)
  A dart slug (D:2)
  7 orcs
  4 ball pythons
  7 endoplasms
  3 giant cockroaches
  6 hobgoblins
  5 bats
  A frilled lizard (D:3)
  2 goblins
  5 kobolds
  3 rats (D:2)
60 creatures vanquished.

Table legend:
 A = Non-vault XP
 B = Vault XP
 C = Vault XP percentage of total XP
 D = Non-vault monster count
 E = Vault monster count
 F = Vault count percentage of total count
                 A         B        C        D         E       F
            +---------+---------+-------+---------+---------+-------
      Total |     349 |     497 |  58.7 |      56 |       4 |   6.7
            +---------+---------+-------+---------+---------+-------
        D:1 |      18 |       0 |   0.0 |      11 |       0 |   0.0
        D:2 |     153 |      37 |  19.5 |      22 |       1 |   4.3
        D:3 |      39 |     313 |  88.9 |      10 |       2 |  16.7
        D:4 |     139 |     147 |  51.4 |      13 |       1 |   7.1
            +---------+---------+-------+---------+---------+-------

Illustrated notes

Table legend:
 A = Kills in this place as a percentage of kills in entire the game.
 B = Kills by you in this place as a percentage of kills by you in the entire game.
 C = Kills by friends in this place as a percentage of kills by friends in the entire game.
 D = Other kills in this place as a percentage of other kills in the entire game.
 E = Experience gained in this place as a percentage of experience gained in the entire game.
 F = Experience gained in this place divided by the number of levels of this place that you have seen.
                   A       B       C       D       E      F
               +-------+-------+-------+-------+-------+----------------------
         Total | 100.0 | 100.0 |   N/A |   N/A | 100.0 | 211.5
       Dungeon | 100.0 | 100.0 |   N/A |   N/A | 100.0 | 211.5
               +-------+-------+-------+-------+-------+----------------------

Table legend: (Time is in decaauts)
 A = Elapsed time spent in this place.
 B = Non-inter-level travel time spent in this place.
 C = Inter-level travel time spent in this place.
 D = Time resting spent in this place.
 E = Time spent auto-exploring this place.
 F = Levels seen in this place.
 G = Mean time per level.
                   A        B        C        D        E       F      G
               +--------+--------+--------+--------+--------+-----+--------+
         Total |   3622 |   3302 |    320 |    526 |   2162 |   4 |  905.5 |
       Dungeon |   3622 |   3302 |    320 |    526 |   2162 |   4 |  905.5 |
               +--------+--------+--------+--------+--------+-----+--------+

Top non-repeatable levels by time:
     D:2: 1479 daAuts
     D:1: 1001 daAuts
     D:3: 681 daAuts
     D:4: 459 daAuts
